Map: Reclamation LE

Players

MagicTurtle - Winner!

  • Race: Terran Terran
  • Spawn Location: 6:00

BoneSaw - Winner!

  • Race: Protoss Protoss
  • League: Diamond
  • Spawn Location: 5:00

Merakai

  • Race: Protoss Protoss
  • Spawn Location: 11:00

Oberyn

  • Race: Protoss Protoss
  • League: Diamond
  • Spawn Location: 12:00

VOD

Have the link to the VOD?

Description

Time

  • Played on: Aug. 2, 2024, 11:12 p.m.
  • Length: 14:12
Show
View Real Time Build Order
Export as new Build Order

MagicTurtle Terran - Winner!

Build Orders:  

Get SALT Encoding   

  12  0:00  SCV  
  13  0:18  SCV  
  13  0:19  Supply Depot  
  14  0:30  SCV  
  15  0:42  Barracks  
  15  0:44  SCV  
  15  0:48  Refinery  
  16  0:54  Refinery  
  16  0:56  SCV  
  17  1:08  SCV  
  18  1:20  SCV  
  19  1:29  Barracks Reactor  
  19  1:30  Supply Depot  
  19  1:38  Orbital Command  
  19  1:54  Factory  
  19  2:04  SCV  
  19  2:05  Marine x2  
  22  2:09  Supply Depot  
  22  2:18  SCV  
  23  2:23  Marine x2  
  25  2:31  SCV  
  26  2:41  Factory Tech Lab, Marine x2  
  26  2:43  Starport  
  28  2:57  SCV  
  29  3:00  Siege Tank  
  29  3:03  Supply Depot  
  29  3:04  Marine x2  
  34  3:12  SCV  
  35  3:29  Medivac x2  
  35  3:33  Marine  
  40  3:40  Command Center  
  40  4:11  Siege Tank  
  43  4:19  Starport Tech Lab  
  43  4:20  SCV  
  44  4:28  Fusion Core  
  44  4:32  SCV  
  45  4:44  Refinery  
  45  5:00  SCV  
  45  5:01  Orbital Command  
  46  5:13  SCV  
  46  5:26  Battlecruiser  
  46  5:35  SCV  
  42  5:36  SCV  
  42  5:40  Refinery  
  42  5:41  Weapon Refit  
  43  5:47  Engineering Bay, SCV  
  44  5:51  SCV  
  45  6:14  SCV  
  45  6:26  SCV  
  45  6:27  Starport, SCV  
  47  6:39  Battlecruiser  
  53  6:57  Missile Turret  
  50  7:44  Battlecruiser  
  56  7:56  SCV x2  
  58  8:06  Missile Turret  
  58  8:10  Supply Depot  
  58  8:12  Supply Depot  
  58  8:15  Command Center  
  58  8:32  Battlecruiser  
  64  8:47  Missile Turret  
  64  8:51  Battlecruiser  
  70  9:00  SCV x2  
  70  9:02  Missile Turret  
  72  9:05  Factory Tech Lab  
  72  9:08  Starport  
  72  9:10  Armory  
  72  9:16  SCV  
  73  9:17  SCV  
  73  9:21  Refinery  
  74  9:28  SCV  
  74  9:29  SCV  
  77  9:33  Planetary Fortress  
  76  9:39  Refinery  
  76  9:40  SCV  
  76  9:41  SCV  
  78  9:47  Battlecruiser  
  78  9:48  Starport Tech Lab  
  84  9:53  Supply Depot, SCV  
  84  9:54  Supply Depot  
  84  9:56  Supply Depot  
  84  9:58  Terran Ship Weapons Level 1  
  84  9:59  Armory  
  85  10:00  SCV  
  85  10:05  SCV  
  87  10:12  SCV  
  87  10:13  SCV  
  89  10:15  Command Center  
  89  10:20  SCV  
  90  10:24  SCV  
  91  10:29  SCV  
  92  10:36  Battlecruiser x2  
  103  10:55  SCV x3  
  106  11:07  Command Center  
  106  11:10  Missile Turret  
  106  11:11  Battlecruiser, Missile Turret  
  112  11:12  SCV  
  112  11:13  SCV x2  
  115  11:20  Supply Depot  
  115  11:22  Terran Vehicle And Ship Armor Level 1, Supply Depot  
  115  11:28  Starport, SCV x2  
  115  11:30  SCV  
  115  11:31  Missile Turret  
  117  11:48  Battlecruiser x2  
  117  11:52  Terran Ship Weapons Level 2  
  129  11:58  Refinery  
  129  12:00  SCV  
  131  12:01  SCV  
  131  12:11  Starport Tech Lab  
  131  12:19  Supply Depot  
  131  12:23  Starport  
  131  12:27  Refinery, SCV x2  
  133  12:35  Supply Depot  
  133  12:36  Supply Depot, SCV  
  134  12:40  Supply Depot, Planetary Fortress  
  134  12:55  Battlecruiser, Supply Depot  
  134  12:56  Battlecruiser  
  146  12:58  Supply Depot  
  146  12:59  Battlecruiser  
  146  13:00  Starport Tech Lab  
Show
View Real Time Build Order
Export as new Build Order

BoneSaw Protoss - Winner!

Build Orders:  

Get SALT Encoding   

  12  0:01  Probe  
  13  0:13  Probe  
  14  0:21  Pylon  
  14  0:25  Probe  
  15  0:39  Gateway, Probe  
  16  0:51  Gateway  
  16  0:54  Probe  
  17  1:12  Pylon, Probe  
  17  1:15  Assimilator  
  18  1:30  Cybernetics Core  
  18  1:38  Probe  
  19  1:58  Warp Gate (Chrono Boost)  
  19  1:59  Probe  
  19  2:01  Nexus  
  20  2:11  Probe  
  21  2:19  Assimilator  
  21  2:26  Pylon  
  22  2:30  Probe  
  22  2:42  Probe  
  23  2:48  Gateway  
  23  2:50  Gateway  
  23  2:54  Probe  
  24  3:12  Probe, Pylon  
  25  3:13  Probe  
  26  3:25  Adept x2  
  30  3:28  Probe x2  
  32  3:48  Adept x2  
  32  3:49  Adept  
  32  3:50  Adept  
  40  4:02  Probe x2  
  42  4:09  Adept x2  
  46  4:10  Adept  
  46  4:16  Probe x2  
  50  4:25  Stalker  
  50  4:28  Probe  
  53  4:34  Twilight Council  
  53  4:38  Pylon  
  51  5:03  Probe x2  
  43  5:15  Probe x2  
  43  5:17  Stalker x4  
  43  5:21  Assimilator  
  47  5:23  Blink (Chrono Boost)  
  47  5:27  Assimilator, Probe  
  47  5:28  Probe  
  49  5:37  Forge  
  49  5:39  Forge  
  49  5:40  Stalker  
  51  5:43  Stalker  
  53  5:53  Probe x2  
  55  5:59  Stalker  
  55  6:00  Stalker  
  59  6:04  Adept  
  59  6:06  Adept  
  59  6:10  Probe x2  
  59  6:11  Protoss Ground Weapons Level 1  
  65  6:12  Protoss Ground Armor Level 1  
  65  6:24  Stalker, Probe x2  
  67  6:33  Stalker  
  67  6:39  Stalker x2  
  55  6:55  Probe x2  
  55  6:58  Stalker x2  
  59  7:03  Stalker x2  
  59  7:18  Probe x2  
  61  7:27  Adept x2, Nexus, Pylon  
  65  7:30  Pylon  
  65  7:39  Probe  
  65  7:40  Probe  
  65  7:44  Pylon  
  67  7:58  Stalker x4  
  67  7:59  Probe x2  
  67  8:01  Protoss Ground Armor Level 2 (Chrono Boost), Protoss Ground Weapons Level 2 (Chrono Boost)  
  65  8:08  Gateway  
  65  8:10  Charge (Chrono Boost)  
  65  8:11  Probe, Gateway  
  66  8:14  Gateway  
  66  8:23  Gateway  
  66  8:24  Gateway  
  66  8:25  Probe x2  
  66  8:26  Stalker x3  
  74  8:27  Gateway  
  74  8:30  Pylon  
  74  8:33  Pylon  
  74  8:35  Assimilator, Pylon  
  74  8:37  Probe  
  74  8:39  Assimilator  
  75  8:42  Robotics Facility  
  75  8:46  Stalker  
  77  8:55  Stalker x3  
  83  8:58  Probe x2  
  85  9:08  Probe  
  86  9:15  Photon Cannon  
  86  9:16  Photon Cannon  
  86  9:23  Probe x3  
  86  9:24  Photon Cannon  
  89  9:29  Observer  
  90  9:35  Dark Shrine  
  90  9:36  Stalker x4  
  98  9:42  Probe  
  98  9:43  Probe x2  
  101  9:47  Observer  
  101  9:49  Stalker x2  
  101  9:50  Stalker  
  108  9:54  Probe  
  108  9:55  Probe x2  
  107  10:10  Stalker x5  
  107  10:11  Stalker  
  119  10:19  Stalker x2  
  123  10:28  Nexus  
  123  10:36  Zealot x4  
  131  10:55  Protoss Ground Weapons Level 3, Protoss Ground Armor Level 3  
  131  10:57  Dark Templar  
  131  10:59  Pylon  
  133  11:05  Pylon  
  133  11:06  Pylon  
  133  11:17  Pylon  
  133  11:19  Unknown, Dark Templar x2  
  133  11:20  Dark Templar  
  133  11:21  Stalker  
  141  11:25  Pylon  
  141  11:26  Probe x3  
  141  11:29  Zealot x4  
  152  11:40  Gateway  
  152  11:42  Photon Cannon  
  152  11:59  Stalker x8  
  167  12:27  Zealot x2  
  167  12:28  Zealot x8  
  187  12:58  Nexus, Warp Prism  
  187  13:01  Pylon  
  167  13:16  Stalker  
  167  13:17  Stalker x8  
  117  14:07  Stalker x3  
  117  14:08  Stalker x8  
Show
View Real Time Build Order
Export as new Build Order

Merakai Protoss 

Build Orders:  

Get SALT Encoding   

  12  0:00  Probe  
  13  0:12  Probe  
  14  0:18  Pylon  
  14  0:24  Probe  
  15  0:37  Gateway  
  15  0:39  Probe  
  16  0:45  Assimilator  
  16  0:51  Probe (Chrono Boost)  
  17  1:03  Probe (Chrono Boost)  
  18  1:08  Probe (Chrono Boost)  
  19  1:17  Probe  
  20  1:25  Cybernetics Core  
  20  1:29  Probe  
  21  1:45  Nexus  
  21  1:54  Assimilator  
  21  1:56  Gateway  
  21  2:06  Adept (Chrono Boost), Warp Gate (Chrono Boost)  
  23  2:25  Twilight Council  
  23  2:27  Gateway  
  23  2:34  Pylon  
  23  2:42  Pylon  
  23  2:51  Pylon  
  23  2:58  Adept  
  25  3:03  Sentry, Resonating Glaives (Chrono Boost)  
  27  3:15  Adept  
  29  3:24  Shield Battery  
  29  3:34  Probe  
  30  3:36  Probe  
  31  3:49  Robotics Facility, Probe x2  
  33  3:56  Adept  
  33  4:01  Probe x2  
  37  4:07  Adept  
  39  4:15  Adept  
  41  4:28  Probe  
  41  4:29  Probe  
  43  4:37  Observer (Chrono Boost)  
  44  4:49  Immortal (Chrono Boost)  
  45  5:05  Stalker  
  45  5:06  Stalker, Adept  
  48  5:34  Adept x3  
  55  5:35  Probe x2  
  55  5:42  Robotics Bay  
  56  5:47  Probe x2  
  58  6:00  Probe x2 (Chrono Boost)  
  60  6:06  Observer  
  60  6:11  Probe (Chrono Boost)  
  62  6:36  Probe  
  53  6:51  Probe x2  
  53  6:53  Assimilator  
  55  6:55  Pylon  
  53  7:03  Probe  
  53  7:05  Blink (Chrono Boost)  
  53  7:06  Stalker x2  
  53  7:07  Stalker  
  54  7:21  Forge  
  49  7:37  Probe x2  
  49  7:40  Stalker x2  
  49  7:41  Stalker  
  56  7:49  Probe x2  
  56  7:55  Protoss Ground Weapons Level 1 (Chrono Boost)  
  56  7:57  Assimilator  
  56  8:01  Probe x2  
  58  8:08  Stargate  
  58  8:11  Stargate  
  58  8:13  Probe x2  
  58  8:14  Pylon  
  60  8:25  Probe x2  
  62  8:34  Nexus  
  62  8:36  Pylon, Photon Cannon  
  62  8:37  Probe x2  
  62  8:38  Shield Battery  
  62  8:39  Photon Cannon  
  64  8:43  Photon Cannon  
  64  8:45  Shield Battery  
  64  8:49  Probe x2  
  64  8:53  Stalker  
  64  8:54  Stalker  
  70  9:00  Stalker  
  70  9:01  Probe  
  70  9:02  Probe  
  74  9:07  Shield Battery  
  74  9:12  Photon Cannon  
  74  9:16  Photon Cannon  
  74  9:19  Sentry  
  74  9:20  Sentry  
  78  9:27  Stalker  
  80  9:47  Probe x2  
  80  9:48  Probe  
  83  9:59  Probe  
  92  10:00  Void Ray x2  
  92  10:01  Protoss Ground Weapons Level 2  
  92  10:06  Protoss Air Weapons Level 1  
  92  10:10  Stalker  
  92  10:12  Zealot  
  96  10:15  Sentry  
  98  10:29  Observer  
  98  10:31  Probe (Chrono Boost)  
  101  10:38  Probe (Chrono Boost)  
  101  10:40  Pylon  
  101  10:46  Assimilator  
  101  10:50  Assimilator  
  101  10:55  Templar Archives  
  101  10:58  Shield Battery, Probe x2  
  101  11:00  Pylon  
  101  11:01  Pylon  
  103  11:10  Probe  
  112  11:22  Void Ray (Chrono Boost), Probe  
  112  11:23  Void Ray (Chrono Boost)  
  113  11:34  Probe  
  114  11:50  Observer  
  114  11:54  Charge  
  114  11:55  Zealot x2  
  114  11:56  Zealot  
  114  11:59  Void Ray (Chrono Boost)  
  124  12:27  Pylon  
  124  12:28  Pylon  
  124  12:45  Observer  
  129  12:51  Void Ray  
  129  12:53  Stalker x2  
  129  12:54  Stalker  
  137  13:15  Void Ray  
  137  13:25  Stalker x3  
  124  13:34  Void Ray  
  104  13:51  Stalker x3  
Show
View Real Time Build Order
Export as new Build Order

Oberyn Protoss 

Build Orders: Colossus Rush 

Get SALT Encoding   

  12  0:01  Probe  
  13  0:13  Probe  
  14  0:27  Pylon  
  14  0:31  Assimilator  
  14  0:32  Probe  
  16  0:50  Probe  
  16  0:52  Gateway  
  17  1:04  Probe  
  17  1:16  Probe  
  18  1:28  Probe  
  19  1:40  Probe  
  19  1:41  Cybernetics Core  
  20  1:56  Nexus  
  20  2:03  Pylon  
  20  2:04  Assimilator  
  20  2:11  Stalker  
  20  2:15  Probe  
  21  2:18  Warp Gate (Chrono Boost)  
  23  2:28  Probe  
  24  2:40  Stalker, Probe  
  27  2:52  Probe  
  27  3:02  Robotics Facility  
  27  3:04  Probe  
  27  3:05  Pylon  
  28  3:16  Stalker, Probe  
  28  3:18  Probe  
  32  3:29  Twilight Council, Probe  
  32  3:30  Probe  
  34  3:41  Probe  
  35  3:42  Probe  
  34  4:09  Robotics Bay  
  34  4:12  Probe x2  
  36  4:17  Assimilator  
  36  4:21  Assimilator, Stalker  
  38  4:24  Probe  
  38  4:25  Probe  
  38  4:30  Observer  
  41  4:36  Probe  
  41  4:37  Probe  
  43  4:40  Blink (Chrono Boost)  
  40  4:46  Stalker  
  40  4:49  Probe x2  
  44  5:03  Pylon  
  44  5:05  Pylon  
  38  5:19  Pylon  
  27  5:37  Probe x2  
  29  5:44  Colossus  
  29  5:49  Probe  
  36  5:51  Probe  
  37  6:01  Probe  
  37  6:03  Probe  
  39  6:07  Assimilator  
  39  6:12  Pylon  
  39  6:13  Probe  
  39  6:15  Probe  
  41  6:24  Extended Thermal Lance (Chrono Boost)  
  41  6:26  Probe  
  41  6:27  Probe  
  43  6:38  Probe  
  45  6:40  Immortal, Probe  
  49  6:57  Stalker  
  49  6:59  Gateway  
  51  7:08  Gateway  
  51  7:11  Gateway  
  51  7:15  Pylon, Probe x2  
  51  7:21  Stalker  
  54  7:29  Probe x2  
  56  7:51  Stalker  
  56  7:53  Probe x2  
  56  7:57  Gravitic Boosters  
  57  8:04  Stalker x2  
  57  8:05  Probe x2  
  62  8:07  Stalker  
  65  8:13  Observer  
  65  8:17  Probe x2  
  68  8:29  Probe  
  68  8:30  Probe  
  68  8:31  Stalker x3  
  68  8:32  Stalker  
  78  8:39  Observer  
  79  8:48  Forge  
  79  8:49  Forge  
  79  8:51  Forge  
  79  8:57  Templar Archives  
  79  9:07  Nexus  
  79  9:09  Probe  
  81  9:10  Probe  
  81  9:16  Stalker  
  83  9:17  Stalker  
  83  9:21  Protoss Ground Weapons Level 1  
  83  9:22  Observer, Probe  
  86  9:25  Protoss Ground Armor Level 1  
  86  9:28  Protoss Shields Level 1  
  86  9:34  Pylon  
  86  9:38  Pylon  
  86  9:53  Pylon  
  86  9:57  Pylon  
  86  9:58  Pylon  
  86  10:01  Stalker x2  
  86  10:02  Stalker  
  86  10:04  Pylon  
  91  10:13  Charge (Chrono Boost), Immortal  
  95  10:18  Psionic Storm  
  94  10:21  Probe x2  
  96  10:32  Stalker x2  
  100  10:36  Probe  
  92  10:59  Stalker x4  
  92  11:03  Probe x3  
  103  11:05  Observer  
  100  11:14  Shield Battery  
  100  11:15  Shield Battery, Probe x3  
  100  11:16  Photon Cannon  
  103  11:18  Assimilator  
  103  11:21  Assimilator  
  103  11:25  Immortal  
  107  11:27  Probe x3  
  107  11:29  Stalker  
  107  11:31  Stalker  
  114  11:34  Stalker  
  114  11:39  Probe  
  117  11:43  Stalker  
  119  12:09  Stalker, Immortal (Chrono Boost)  
  119  12:10  Stalker x2  
  119  12:13  Probe x2  
  129  12:35  Nexus  
  133  12:44  Immortal (Chrono Boost)  
  133  12:45  Gravitic Drive  
  133  12:52  Pylon  
  133  12:55  Stalker x3  
  139  12:59  Pylon  
  139  13:00  Pylon  
  139  13:03  Pylon  
  139  13:06  Stalker  
  141  13:17  Observer (Chrono Boost)  
  142  13:26  Immortal (Chrono Boost)  
  142  13:27  High Templar x2, Gateway  
  142  13:28  High Templar  
  142  13:29  Gateway  
  142  13:32  High Templar, Gateway  
  154  13:34  Gateway  
  146  13:41  Archon  
  146  13:45  Archon  
Tags
 
Add a new tag
Caveats
  • Supply blocks, unpowered buildings, or Contaminate may cause inaccurate times.
  • Supply counts are checked every 10 seconds.